 Dungeon Crawl Stone Soup version 0.30.1-4-g462c640d31 (webtiles) character file.

Game seed: 10649695599051041281

52 leafyfresh the Covert (level 3, -4/35 HPs)
             Began as a Gnoll Delver on Aug 10, 2023.
             Slain by a black bear (5 damage)
             ... on level 5 of the Dungeon.
             The game lasted 00:02:20 (620 turns).

leafyfresh the Covert (Gnoll Delver)                 Turns: 620, Time: 00:02:20

Health: -4/35      AC:  4    Str: 11    XL:     3   Next: 85%
Magic:  4/4        EV: 13    Int: 11    God:
Gold:   60         SH:  0    Dex: 13    Spells: 4/4 levels left

rFire   + . .        a - +0 short sword
rCold   . . .        (no shield)
rNeg    . . .        b - +0 leather armour
rPois   .            (no helmet)
rElec   .            m - +0 cloak
rCorr   .            (no gloves)
SInv    .            (no boots)
Will    .....        (no amulet)
Stlth   ++++         h - ring of protection from fire
HPRegen 0.25/turn    (no ring)
MPRegen 0.09/turn

%: no passive effects
@: no status effects
A: fangs 1, strong nose, distributed training
a: no special abilities


You were on level 5 of the Dungeon.
You visited 1 branch of the dungeon, and saw 1 of its levels.

You collected 60 gold pieces.

Inventory:

Hand Weapons
 a - a +0 short sword (weapon)
Missiles
 k - 2 throwing nets (quivered)
Armour
 b - a +0 leather armour (worn)
 m - a +0 cloak (worn)
Jewellery
 h - a ring of protection from fire (left hand)
Wands
 g - a wand of digging (3)
Scrolls
 c - a scroll of fog
 d - a scroll of magic mapping
 j - a scroll of identify {unknown}
 l - a scroll of immolation {unknown}
Potions
 f - a potion of haste
 i - a potion of berserk rage {unknown}
 n - a potion of resistance {unknown}
 o - a potion of curing {unknown}


   Skills:
 + Level 6.5 Fighting
 + Level 4.6 Short Blades
 + Level 1.0 Long Blades
 + Level 1.0 Axes
 + Level 1.0 Maces & Flails
 + Level 1.0 Polearms
 + Level 1.0 Staves
 + Level 1.0 Ranged Weapons
 + Level 1.0 Throwing
 + Level 1.0 Armour
 + Level 4.6 Dodging
 + Level 9.6 Stealth
 + Level 1.0 Shields
 + Level 1.0 Unarmed Combat
 + Level 1.0 Spellcasting
 + Level 0.7 Conjurations
 + Level 0.7 Hexes
 + Level 0.7 Summonings
 + Level 0.7 Necromancy
 + Level 0.7 Translocations
 + Level 0.7 Transmutations
 + Level 0.7 Fire Magic
 + Level 0.7 Ice Magic
 + Level 0.7 Air Magic
 + Level 0.7 Earth Magic
 + Level 0.7 Poison Magic
 + Level 1.1 Invocations
 + Level 1.0 Evocations


You had 4 spell levels left.
You didn't know any spells.
Your spell library contained the following spells:

 Spells                   Type           Power      Damage    Failure   Level
 Gell's Gravitas          Tloc           2%         N/A       67%         3
 Teleport Other           Tloc           2%         N/A       67%         3
 Dispersal                Tloc           1%         N/A       100%        6


Dungeon Overview and Level Annotations

Branches:
Dungeon (5/15)
 Temple: D:4-7

Altars:
Fedhas
Qazlal
Yredelemnul

Shops:
D:5 ((


Innate Abilities, Weirdness & Mutations

You have very sharp teeth.
Your uncanny sense of smell can sniff out nearby items.
Your experience applies equally to all skills.


Message History

The black bear claws you but does no damage.
You hit the black bear but do no damage.
The black bear is severely wounded.
You barely miss the black bear.
The black bear is severely wounded.
The black bear closely misses you. x3
You closely miss the black bear.
You bite the black bear, but do no damage.
The black bear is severely wounded.
The black bear bites you.
* * * LOW HITPOINT WARNING * * *
The black bear claws you but does no damage.
The black bear claws you.
* * * LOW HITPOINT WARNING * * *
You hit the black bear but do no damage.
The black bear is severely wounded.
The black bear closely misses you. The black bear completely misses you.
The black bear claws you but does no damage.
You hit the black bear. Your bite misses the black bear.
The black bear is severely wounded.
The black bear barely misses you.
The black bear claws you but does no damage.
The black bear misses you.
You hit the black bear.
You bite the black bear, but do no damage.
The black bear is almost dead.
You hit the black bear. Your bite misses the black bear.
The black bear is almost dead.
The black bear goes berserk!
You hit the black bear.
The black bear is almost dead.
The black bear completely misses you. The black bear misses you.
The black bear barely misses you.
You completely miss the black bear.
The black bear is almost dead.
The black bear bites you!
* * * LOW HITPOINT WARNING * * *
The black bear closely misses you. The black bear barely misses you.
The black bear bites you.
You die...

.......#+#...#
##.....#######....
......♣#
#♣..###...#.......##....
####.##
#.....#...###.#.##.... #.+
+.#..##..## #≈≈.§§.... ..#
##.......### #≈#+#§.... ..
#♣..#..#.......≈# #≈....
#+#.........###..§# #§.§.§
......$......#..#§≈§§§.[..
#.#.#..÷.@h.........##....
................## ##
##.#. .####......##.###
##... #.......# .# #..^.
.$<#.....# # ....#
...##.....# ##..# .[.
..#..## ##..[ ......#
#.... .....


You could see a black bear (berserk).

Vanquished Creatures
  2 iguanas (D:5)
2 creatures vanquished.

Notes
Turn   | Place    | Note
-------+----------+-------------------------------------------
     0 | D:5      | Reached skill level 9 in Stealth
     0 | D:5      | leafyfresh the Gnoll Delver began the quest for the Orb.
     0 | D:5      | Reached XP level 1. HP: 23/23 MP: 1/1
     9 | D:5      | Found a blossoming altar of Fedhas.
   103 | D:5      | Found a stormy altar of Qazlal.
   105 | D:5      | Noticed an air elemental
   105 | D:5      | Noticed a fire elemental
   106 | D:5      | Noticed an earth elemental
   106 | D:5      | Noticed a water elemental
   175 | D:5      | Found a basalt altar of Yredelemnul.
   176 | D:5      | Noticed an iguana
   183 | D:5      | Killed an iguana
   184 | D:5      | Reached XP level 2. HP: 29/29 MP: 2/2
   184 | D:5      | Reached XP level 3. HP: 35/35 MP: 3/3
   195 | D:5      | Found Pufagoaz's Weapon Shoppe.
   226 | D:5      | Noticed a black bear
   333 | D:5      | Reached skill level 1 in Long Blades
   333 | D:5      | Reached skill level 1 in Axes
   333 | D:5      | Reached skill level 1 in Maces & Flails
   333 | D:5      | Reached skill level 1 in Polearms
   333 | D:5      | Reached skill level 1 in Staves
   333 | D:5      | Reached skill level 1 in Ranged Weapons
   333 | D:5      | Reached skill level 1 in Throwing
   333 | D:5      | Reached skill level 1 in Armour
   333 | D:5      | Reached skill level 1 in Shields
   333 | D:5      | Reached skill level 1 in Unarmed Combat
   333 | D:5      | Reached skill level 1 in Spellcasting
   333 | D:5      | Reached skill level 1 in Invocations
   333 | D:5      | Reached skill level 1 in Evocations
   620 | D:5      | HP: 1/35 [black bear (7)]
   620 | D:5      | Slain by a black bear

Illustrated notes

Levels and vault maps discovered:
D:5:      layout_rooms, nicolae_qazlal_style_of_elements, kennysheep_mini_moat,
          mainiacjoe_overflow_small_starburst, yredelemnul_altar_generic,
          serial_shops, nicolae_shop_real_fake_doors,
          nicolae_inconvenience_store, shop, shop

Skill      XL: |  1  2  3 |
---------------+----------+-----
Stealth        | |  9.6
Long Blades    | 1 |  1.0
Axes           | 1 |  1.0
Maces & Flails | 1 |  1.0
Polearms       | 1 |  1.0
Staves         | 1 |  1.0
Ranged Weapons | 1 |  1.0
Throwing       | 1 |  1.0
Armour         | 1 |  1.0
Shields        | 1 |  1.0
Unarmed Combat | 1 |  1.0
Spellcasting   | 1 |  1.0
Invocations    | 1 |  1.1
Evocations     | 1 |  1.0
Fighting       | |  6.5
Short Blades   | |  4.6
Dodging        | |  4.6
Conjurations   | |  0.7
Hexes          | |  0.7
Summonings     | |  0.7
Necromancy     | |  0.7
Translocations | |  0.7
Transmutations | |  0.7
Fire Magic     | |  0.7
Ice Magic      | |  0.7
Air Magic      | |  0.7
Earth Magic    | |  0.7
Poison Magic   | |  0.7

Action                     || total
---------------------------++-------
  Melee: Short sword       ||    35
         Bite              ||     5
         Punch             ||     2
    Use: Scroll            ||     1
   Stab: Sleeping          ||     1
 Armour: Leather armour    ||     7
  Dodge: Dodged            ||    28
